TOP OF THE 1ST |
Beloit Snappers batting - Pitching for Lexington Legends : LHP Brett Reed
|
Pitching: LHP Brett Reed
|
|
Batting: LHB Nate Melendez
|
0-0: Ball 1-0: Foul Ball, location: 2F 1-1: Ground out 4-3 (Groundball, 4, EV 86.2 MPH)
|
Batting: RHB Mike Gangi
|
0-0: Swinging Strike 0-1: Foul Ball, location: 2F 0-2: Ball 1-2: SINGLE (Groundball, 6MD, EV 102.5 MPH)
|
Batting: RHB Walt Alaniz
|
Pickoff Play to 1st, Runner tries for 2nd, OUT after rundown. 0-0: Ball 1-0: Ball 2-0: Ball 3-0: Called Strike 3-1: Foul Ball, location: 2F 3-2: Fly out, F7 (Flyball, 78S, EV 92.5 MPH)
|
Top of the 1st over - 0 runs, 1 hit, 0 errors, 0 left on base; Beloit 0 - Lexington 0 |
BOTTOM OF THE 1ST |
Lexington Legends batting - Pitching for Beloit Snappers : RHP Caleb Hansberger
|
Pitching: RHP Caleb Hansberger
|
|
Batting: LHB Efrem Isaev
|
0-0: Ball 1-0: Called Strike 1-1: Foul Ball, location: 2F 1-2: Ball 2-2: Strikes out swinging
|
Batting: RHB Jonas Fernandez
|
0-0: Ground out 4-3 (Groundball, 4, EV 101.9 MPH)
|
Batting: LHB Edgar Ortiz
|
0-0: Foul Ball, location: 2F 0-1: Ball 1-1: Ball 2-1: Called Strike 2-2: Ball 3-2: Base on Balls
|
Batting: RHB Chang-keun Baik
|
0-0: Called Strike 0-1: Ball 1-1: Foul Ball, location: 2F 1-2: Foul Ball, location: 2F 1-2: Foul Ball, location: 2F 1-2: Strikes out swinging
|
Bottom of the 1st over - 0 runs, 0 hits, 0 errors, 1 left on base; Beloit 0 - Lexington 0 |
TOP OF THE 2ND |
Beloit Snappers batting - Pitching for Lexington Legends : LHP Brett Reed
|
Batting: RHB Rafael Alarcon
|
0-0: Called Strike 0-1: SINGLE (Flyball, 89S, EV 86.2 MPH)
|
Batting: RHB Chris Temple
|
0-0: Foul Ball, location: 2F 0-1: Reached on error, E6 (Groundball, 6S, EV 81.9 MPH) Rafael Alarcon to second
|
Batting: LHB Ed Talamantes
|
0-0: Ball 1-0: Swinging Strike 1-1: Ball 2-1: Ball 3-1: Called Strike 3-2: Grounds into double play, 6-4-3 (Groundball, 6, EV 91.9 MPH) Rafael Alarcon to third
|
Batting: RHB Jason Dove
|
0-0: Ball 1-0: Ball 2-0: Called Strike 2-1: Ball 3-1: Foul Ball, location: 2F 3-2: SINGLE (Groundball, 3D, EV 101.9 MPH) Rafael Alarcon scores
|
Batting: RHB Jamie Jennings
|
0-0: SINGLE (Groundball, 15, EV 80.0 MPH) (infield hit) Jason Dove to second
|
Batting: RHB Moses Brokken
|
0-0: Ball 1-0: Foul Ball, location: 2F 1-1: Ball 2-1: Called Strike 2-2: Fielders Choice at 2nd, 5-4 (Groundball, 56, EV 82.5 MPH)
|
Top of the 2nd over - 1 run, 3 hits, 1 error, 2 left on base; Beloit 1 - Lexington 0 |
BOTTOM OF THE 2ND |
Lexington Legends batting - Pitching for Beloit Snappers : RHP Caleb Hansberger
|
Batting: LHB Vicente Hernandez
|
0-0: Ball 1-0: Foul Ball, location: 2F 1-1: Foul Ball, location: 2F 1-2: Strikes out swinging
|
Batting: RHB David Rubio
|
0-0: Foul Ball, location: 2F 0-1: Ball 1-1: Reached on error, E5 (Groundball, 56S, EV 86.9 MPH)
|
Batting: LHB Shohei Nishi
|
0-0: Swinging Strike 0-1: Ball 1-1: Swinging Strike 1-2: Fielders Choice at 2nd, 1-6 (Groundball, P, EV 71.9 MPH)
|
Batting: RHB Ian Hornsby
|
0-0: Ball Shohei Nishi is caught stealing 2nd base 2-4
|
Bottom of the 2nd over - 0 runs, 0 hits, 1 error, 0 left on base; Beloit 1 - Lexington 0 |
TOP OF THE 3RD |
Beloit Snappers batting - Pitching for Lexington Legends : LHP Brett Reed
|
Batting: LHB Nate Melendez
|
0-0: Hit by Pitch
|
Batting: RHB Mike Gangi
|
0-0: Ball 1-0: Ball 2-0: Ball 3-0: Base on Balls Nate Melendez to second
|
Batting: RHB Walt Alaniz
|
0-0: Foul Ball, location: 2F 0-1: Grounds into double play, 6-4-3 (Groundball, 6, EV 83.8 MPH) Nate Melendez to third
|
Batting: RHB Rafael Alarcon
|
0-0: Ball 1-0: Ball 2-0: Ball 3-0: Base on Balls
|
Batting: RHB Chris Temple
|
0-0: Ball 1-0: Called Strike 1-1: Reached on error, E5 (Groundball, 56, EV 99.4 MPH) Nate Melendez scores Rafael Alarcon to second
|
Batting: LHB Ed Talamantes
|
0-0: Called Strike 0-1: Ball 1-1: Foul Ball, location: 2F 1-2: Ball 2-2: Strikes out swinging
|
Top of the 3rd over - 1 run, 0 hits, 1 error, 2 left on base; Beloit 2 - Lexington 0 |
BOTTOM OF THE 3RD |
Lexington Legends batting - Pitching for Beloit Snappers : RHP Caleb Hansberger
|
Batting: RHB Ian Hornsby
|
0-0: Called Strike 0-1: Ground out 6-3 (Groundball, 56, EV 105.0 MPH)
|
Batting: RHB Trevor Kingston
|
0-0: Ground out U3 (Groundball, 3S, EV 93.1 MPH)
|
Batting: LHB Efrem Isaev
|
0-0: Foul Ball, location: 2F 0-1: Ball 1-1: Called Strike 1-2: Foul Ball, location: 2F 1-2: SINGLE (Line Drive, 56D, EV 96.2 MPH)
|
Batting: RHB Jonas Fernandez
|
0-0: Called Strike Efrem Isaev steals 2nd base 0-1: Ball 1-1: SINGLE (Line Drive, 9S, EV 91.2 MPH) Efrem Isaev to third Runner from 3rd tries for Home, SAFE, throw by RF to home Jonas Fernandez to second
|
Batting: LHB Edgar Ortiz
|
0-0: Ball 1-0: Foul Ball, location: 2F 1-1: Foul Ball, location: 2F 1-2: Foul Ball, location: 2F 1-2: SINGLE (Line Drive, 9S, EV 97.5 MPH) Jonas Fernandez to third Runner from 3rd tries for Home, SAFE, throw by RF to home
|
Batting: RHB Chang-keun Baik
|
0-0: Fly out, F7 (Flyball, 7, EV 91.9 MPH)
|
Bottom of the 3rd over - 2 runs, 3 hits, 0 errors, 1 left on base; Beloit 2 - Lexington 2 |
TOP OF THE 4TH |
Beloit Snappers batting - Pitching for Lexington Legends : LHP Brett Reed
|
Batting: RHB Jason Dove
|
0-0: Swinging Strike 0-1: Ball 1-1: Called Strike 1-2: Ball 2-2: Fly out, F8 (Flyball, 8RD, EV 103.8 MPH)
|
Batting: RHB Jamie Jennings
|
0-0: Ball 1-0: Ball 2-0: Called Strike 2-1: SINGLE (Flyball, 5D, EV 83.1 MPH)
|
Batting: RHB Moses Brokken
|
0-0: Called Strike 0-1: Swinging Strike 0-2: Strikes out swinging
|
Batting: LHB Nate Melendez
|
0-0: Ball 1-0: Swinging Strike 1-1: Foul Ball, location: 2F 1-2: Strikes out swinging
|
Top of the 4th over - 0 runs, 1 hit, 0 errors, 1 left on base; Beloit 2 - Lexington 2 |
BOTTOM OF THE 4TH |
Lexington Legends batting - Pitching for Beloit Snappers : RHP Caleb Hansberger
|
Batting: LHB Vicente Hernandez
|
0-0: Called Strike 0-1: Ground out 4-3 (Groundball, 4, EV 83.8 MPH)
|
Pitching: RHP Marvin Rosas
|
|
Batting: RHB David Rubio
|
0-0: Ball 1-0: Ball 2-0: Called Strike 2-1: Ground out U3 (Groundball, 34, EV 98.8 MPH)
|
Batting: LHB Shohei Nishi
|
0-0: Ball 1-0: Ground out 5-3 (Groundball, 56, EV 83.1 MPH)
|
Bottom of the 4th over - 0 runs, 0 hits, 0 errors, 0 left on base; Beloit 2 - Lexington 2 |
TOP OF THE 5TH |
Beloit Snappers batting - Pitching for Lexington Legends : LHP Brett Reed
|
Batting: RHB Mike Gangi
|
0-0: Called Strike 0-1: Ball 1-1: Swinging Strike 1-2: Strikes out looking
|
Batting: RHB Walt Alaniz
|
0-0: Foul Ball, location: 2F 0-1: Called Strike 0-2: Foul Ball, location: 2F 0-2: DOUBLE (Line Drive, 9LM, EV 109.4 MPH)
|
Batting: RHB Rafael Alarcon
|
0-0: Called Strike 0-1: Ball 1-1: Ball 2-1: Ball 3-1: DOUBLE (Line Drive, 7LS, EV 105.6 MPH) Walt Alaniz scores
|
Batting: RHB Chris Temple
|
0-0: Ball 1-0: Ball 2-0: Called Strike 2-1: Foul Ball, location: 2F 2-2: Strikes out swinging
|
Batting: LHB Ed Talamantes
|
0-0: Ball 1-0: Ground out 5-3 (Groundball, 56S, EV 82.5 MPH)
|
Top of the 5th over - 1 run, 2 hits, 0 errors, 1 left on base; Beloit 3 - Lexington 2 |
BOTTOM OF THE 5TH |
Lexington Legends batting - Pitching for Beloit Snappers : RHP Marvin Rosas
|
Batting: RHB Ian Hornsby
|
0-0: Ball 1-0: Swinging Strike 1-1: Swinging Strike 1-2: Ball 2-2: Foul Ball, location: 2F 2-2: Strikes out looking
|
Batting: RHB Trevor Kingston
|
0-0: Ball 1-0: Foul Ball, location: 2F 1-1: Ball 2-1: Swinging Strike 2-2: Strikes out swinging
|
Batting: LHB Efrem Isaev
|
0-0: Ball 1-0: Foul Ball, location: 2F 1-1: Foul Ball, location: 2F 1-2: Ball 2-2: DOUBLE (Line Drive, 78D, EV 103.8 MPH)
|
Batting: RHB Jonas Fernandez
|
0-0: Called Strike 0-1: Foul Ball, location: 2F 0-2: Ball 1-2: Fly out, F9 (Flyball, 89M, EV 89.4 MPH)
|
Bottom of the 5th over - 0 runs, 1 hit, 0 errors, 1 left on base; Beloit 3 - Lexington 2 |
TOP OF THE 6TH |
Beloit Snappers batting - Pitching for Lexington Legends : LHP Brett Reed
|
Pitching: RHP Ryan Crump
|
|
Batting: RHB Jason Dove
|
0-0: Called Strike 0-1: Hit by Pitch
|
Batting: RHB Jamie Jennings
|
0-0: Called Strike 0-1: Ball 1-1: Foul Ball, location: 2F 1-2: Foul Ball, location: 2F 1-2: Strikes out swinging
|
Batting: RHB Moses Brokken
|
0-0: Ball 1-0: Ball 2-0: Ball 3-0: Called Strike 3-1: Foul Ball, location: 2F 3-2: 2-RUN HOME RUN (Flyball, 7D, EV 96.2 MPH), Distance : 371 ft
|
Batting: LHB Nate Melendez
|
0-0: Ball 1-0: Ground out U3 (Groundball, 34, EV 83.8 MPH)
|
Batting: RHB Mike Gangi
|
0-0: Called Strike 0-1: Fly out, F8 (Line Drive, 8RD, EV 92.5 MPH)
|
Top of the 6th over - 2 runs, 1 hit, 0 errors, 0 left on base; Beloit 5 - Lexington 2 |
BOTTOM OF THE 6TH |
Lexington Legends batting - Pitching for Beloit Snappers : RHP Marvin Rosas
|
Batting: LHB Edgar Ortiz
|
0-0: Ball 1-0: Ball 2-0: Foul Ball, location: 2F 2-1: Fly out, F8 (Line Drive, 8LD, EV 88.8 MPH)
|
Batting: RHB Chang-keun Baik
|
0-0: Foul Ball, location: 2F 0-1: Ground out 4-3 (Groundball, 4MS, EV 81.9 MPH)
|
Batting: LHB Vicente Hernandez
|
0-0: SINGLE (Line Drive, 78S, EV 108.8 MPH)
|
Pitching: RHP Alfonso Alvarado
|
|
Batting: RHB David Rubio
|
0-0: Ball 1-0: Ball 2-0: Fielders Choice at 2nd, 5-4 (Groundball, 5, EV 101.9 MPH)
|
Bottom of the 6th over - 0 runs, 1 hit, 0 errors, 1 left on base; Beloit 5 - Lexington 2 |
TOP OF THE 7TH |
Beloit Snappers batting - Pitching for Lexington Legends : RHP Ryan Crump
|
Batting: RHB Walt Alaniz
|
0-0: Called Strike 0-1: Foul Ball, location: 2F 0-2: Foul Ball, location: 2F 0-2: Ball 1-2: Ball 2-2: Ball 3-2: SINGLE (Flyball, 89S, EV 92.5 MPH)
|
Batting: RHB Rafael Alarcon
|
0-0: Foul Ball, location: 2F 0-1: Fly out, F5 (Popup, 56S, EV 81.9 MPH)
|
Batting: RHB Chris Temple
|
0-0: Grounds into double play, 4-6-3 (Groundball, 4, EV 83.8 MPH)
|
Top of the 7th over - 0 runs, 1 hit, 0 errors, 0 left on base; Beloit 5 - Lexington 2 |
BOTTOM OF THE 7TH |
Lexington Legends batting - Pitching for Beloit Snappers : RHP Alfonso Alvarado
|
Batting: LHB Shohei Nishi
|
0-0: Ball 1-0: Called Strike 1-1: Swinging Strike 1-2: Ball 2-2: Ball 3-2: Strikes out swinging
|
Batting: RHB Ian Hornsby
|
0-0: Ball 1-0: SINGLE (Groundball, 4M, EV 95.6 MPH)
|
Batting: RHB Trevor Kingston
|
0-0: Ball 1-0: Foul Ball, location: 2F 1-1: Ball 2-1: Foul Ball, location: 2F 2-2: Foul Ball, location: 2F 2-2: Fly out, F8 (Flyball, 8LXD, EV 98.1 MPH)
|
Batting: LHB Efrem Isaev
|
0-0: Called Strike 0-1: Called Strike 0-2: Strikes out looking
|
Bottom of the 7th over - 0 runs, 1 hit, 0 errors, 1 left on base; Beloit 5 - Lexington 2 |
TOP OF THE 8TH |
Beloit Snappers batting - Pitching for Lexington Legends : RHP Ryan Crump
|
Pitching: RHP Oscar Cisneros
|
|
Batting: LHB Ed Talamantes
|
0-0: Ball 1-0: Ball 2-0: Foul Ball, location: 2F 2-1: SINGLE (Groundball, 4M, EV 100.0 MPH)
|
Batting: RHB Jason Dove
|
0-0: Called Strike 0-1: Swinging Strike 0-2: Strikes out swinging
|
Batting: RHB Jamie Jennings
|
0-0: Ball 1-0: Called Strike 1-1: Ball 2-1: Foul Ball, location: 2F 2-2: Foul Ball, location: 2F 2-2: Grounds into double play, 4-6-3 (Groundball, 4S, EV 83.1 MPH)
|
Top of the 8th over - 0 runs, 1 hit, 0 errors, 0 left on base; Beloit 5 - Lexington 2 |
BOTTOM OF THE 8TH |
Lexington Legends batting - Pitching for Beloit Snappers : RHP Alfonso Alvarado
|
Pitching: LHP Andy Silveira
|
|
Batting: RHB Jonas Fernandez
|
0-0: Ball 1-0: Ground out 6-3 (Groundball, 6S, EV 83.8 MPH)
|
Batting: LHB Edgar Ortiz
|
0-0: Foul Ball, location: 2F 0-1: SINGLE (Line Drive, 9S, EV 98.1 MPH)
|
Batting: RHB Chang-keun Baik
|
0-0: Ball 1-0: Swinging Strike 1-1: Reached on error, E1 (Groundball, 34S, EV 72.5 MPH) Edgar Ortiz to second
|
Pinch Hitting: RHB Adam Krieger
|
0-0: Ball 1-0: DOUBLE (Flyball, 78XD, EV 99.4 MPH) Edgar Ortiz scores Chang-keun Baik to third
|
Pitching: RHP Felix Carranza
|
|
Pinch Hitting: LHB Josh Dalton
|
0-0: Called Strike 0-1: Ball 1-1: Ball 2-1: Swinging Strike 2-2: Strikes out swinging
|
Batting: LHB Shohei Nishi
|
0-0: Foul Ball, location: 2F 0-1: Called Strike 0-2: Strikes out swinging
|
Bottom of the 8th over - 1 run, 2 hits, 1 error, 2 left on base; Beloit 5 - Lexington 3 |
TOP OF THE 9TH |
Beloit Snappers batting - Pitching for Lexington Legends : RHP Oscar Cisneros
|
Now at C: Adam Krieger
|
|
Now at 1B: Josh Dalton
|
|
Pinch Hitting: LHB Oscar Curiel
|
0-0: Called Strike 0-1: Ball 1-1: Ball 2-1: Swinging Strike 2-2: Ball 3-2: Strikes out swinging
|
Batting: LHB Nate Melendez
|
0-0: Ball 1-0: Called Strike 1-1: SINGLE (Line Drive, 78S, EV 106.2 MPH)
|
Pitching: RHP Brian Hunt
|
|
Batting: RHB Mike Gangi
|
0-0: Ball 1-0: Called Strike 1-1: Ball 2-1: Foul Ball, location: 2F 2-2: Ball 3-2: Strikes out swinging
|
Batting: RHB Walt Alaniz
|
Pickoff Play to 1st, Runner tries for 2nd, OUT after rundown.
|
Top of the 9th over - 0 runs, 1 hit, 0 errors, 0 left on base; Beloit 5 - Lexington 3 |
BOTTOM OF THE 9TH |
Lexington Legends batting - Pitching for Beloit Snappers : RHP Felix Carranza
|
Now in LF: Marcus Pollard
|
|
Now in RF: Walt Alaniz
|
|
Batting: RHB Ian Hornsby
|
0-0: Called Strike 0-1: Foul Ball, location: 2F 0-2: SINGLE (Line Drive, 7S, EV 85.0 MPH)
|
Pinch Hitting: LHB Danny Zuniga
|
0-0: Fly out, F7 (Flyball, 7, EV 90.0 MPH)
|
Batting: LHB Efrem Isaev
|
0-0: Ball 1-0: Foul Ball, location: 2F 1-1: Fly out, F8 (Flyball, 8RXD, EV 106.9 MPH)
|
Batting: RHB Jonas Fernandez
|
0-0: Ball 1-0: Called Strike 1-1: Fielders Choice at 2nd, 6-4 (Groundball, 56, EV 86.9 MPH)
|
Bottom of the 9th over - 0 runs, 1 hit, 0 errors, 1 left on base; Beloit 5 - Lexington 3 |
|